 Dungeon Crawl Stone Soup version 0.22-a0-283-g1871b15 (webtiles) character file.

10 Gorglomux the Digger (level 2, 0/20 HPs)
             Began as a Minotaur Earth Elementalist on Mar 18, 2018.
             Slain by a bat (1 damage)
             ... on level 1 of the Dungeon.
             The game lasted 00:00:47 (371 turns).

Gorglomux the Digger (Minotaur Earth Elementalist)   Turns: 371, Time: 00:00:48

Health: 0/20       AC:  2    Str: 12    XL:     2   Next: 10%
Magic:  3/3        EV: 12    Int: 12    God:
Gold:   14         SH:  0    Dex: 10    Spells: 2/3 levels left

rFire    . . .     SeeInvis .     - Unarmed
rCold    . . .     Gourm    .   (no shield)
rNeg     + . .     Faith    .   c - +0 robe
rPois    .         Spirit   .   (helmet restricted)
rElec    .         Reflect  .   (no cloak)
rCorr    .         Harm     .   (no gloves)
MR       .....                  (no boots)
Stlth    ++........             (no amulet)
HPRegen  0.06/turn              f - ring of positive energy
MPRegen  0.08/turn              (no ring)

@: no status effects
A: retaliatory headbutt, horns 2
a: no special abilities


You were on level 1 of the Dungeon.
You were not hungry.

You visited 1 branch of the dungeon, and saw 2 of its levels.

You collected 14 gold pieces.

Inventory:

Missiles
 b - 43 stones (quivered)
Armour
 c - a +0 robe (worn)
Jewellery
 f - a ring of positive energy (left hand)
Scrolls
 e - a scroll of remove curse {unknown}
Comestibles
 d - 2 rations
 g - a chunk of flesh


   Skills:
 - Level 2.1 Dodging
 - Level 1.5 Stealth
 + Level 2.0 Unarmed Combat
 - Level 1.3 Spellcasting
   Level 0.7 Transmutations
 - Level 2.4 Earth Magic


You had 2 spell levels left.
You knew the following spells:

 Your Spells              Type           Power        Failure   Level  Hunger
a - Sandblast             Erth           #.....       11%         1    ##.....


Dungeon Overview and Level Annotations

Branches:
Dungeon (2/15)

Altars:


Innate Abilities, Weirdness & Mutations

You reflexively headbutt those who attack you in melee.
You have a pair of horns on your head.


Message History

Unknown command!
The bat misses you! The bat barely misses you! The hobgoblin misses you!
You furiously retaliate!!!
You headbutt the hobgoblin, butt do no damage!
The bat hits you! The jackal bites you! * * * don't die
* * * The bat barely misses you!
The bat closely misses you! The jackal closely butts you!
The butt hits you! * * * don't die
* * * The bat hits you but butts no damage!
The bat hits you but does no damage! The jackal bites you! * * * don't die
* * * The bat hits you! * * * don't die
* * * The butt barely misses you!
The bat barely butts you! The bat closely misses you!
You aren't carrying any potions!
The bat hits you! rip

....... #. ... ####... #.)
####### ###..... #.# .......
#....... #.# #####
.......##....... #.# .....
........#...##.# ###># ......
........#...##.###...##
......#### #@#.......÷.....+
......†..#### #b.....#.......##
##$......#####.......##....#
..........r..l.g.........+....#
.......#.............##.##....#
.......####..........##.##....#
....... #..........##.###.###
....... #.......#####.# .#
....... #.......# #.#


You could see a bat.

Vanquished Creatures
  A leopard gecko (D:1)
  2 bats (D:1)
  2 jackals (D:1)
  A kobold (D:1)
  3 rats (D:1)
9 creatures vanquished.

Notes
Turn   | Place    | Note
-------+----------+-------------------------------------------
     0 | D:1      | Gorglomux the Minotaur Earth Elementalist began the quest for the Orb.
     0 | D:1      | Reached XP level 1. HP: 14/14 MP: 1/1
    45 | D:1      | Reached skill level 1 in Unarmed Combat
   319 | D:1      | You fall through a shaft!
   358 | D:1      | Reached XP level 2. HP: 14/20 MP: 3/3
   368 | D:1      | HP: 1/20 [bat (1)]
   371 | D:1      | Slain by a bat

Vault maps used:
D:1:      dpeg_arrival_morbid_curiosity
D:2:      gammafunk_temple_overflow_wave

Skill      XL: |  1  2 |
---------------+-------+-----
Unarmed Combat | 1 2 |  2.0
Dodging        | |  2.1
Stealth        | |  1.5
Spellcasting   | |  1.3
Transmutations | |  0.7
Earth Magic    | |  2.4

Action                   || total
-------------------------++-------
Melee: Unarmed           ||    22
       Headbutt          ||     1
 Stab: Sleeping          ||     1
Armor: Robe              ||     4
Dodge: Dodged            ||    30

Table legend:
 A = Spawn XP
 B = Non-spawn XP
 C = Spawn XP percentage of total XP
 D = Spawn monster count
 E = Non-spawn monster count
 F = Spawn count percentage of total count
 G = Total turns spent on level
                    A         B        C        D         E        F      G
               +---------+---------+-------+---------+---------+-------+---------
         Total |       0 |      15 |   0.0 |       0 |       9 |   0.0 |   371
               +---------+---------+-------+---------+---------+-------+---------
           D:1 |       0 |      15 |   0.0 |       0 |       9 |   0.0 |   361
               +---------+---------+-------+---------+---------+-------+---------
